Map: Sanctuary III LE

Players

sebesdes - Winner!

  • Race: Protoss Protoss
  • League: Grandmaster
  • Spawn Location: 1:00

lorimbo

  • Race: Zerg Zerg
  • League: Grandmaster
  • Spawn Location: 7:00

Event: HomeStory Cup XXIX

VOD

Have the link to the VOD?

Description

Time

  • Played on: July 3, 2026, 1:57 p.m.
  • Length: 9:22

All games in this series

Show
View Real Time Build Order
Export as new Build Order

sebesdes Protoss - Winner!

Build Orders: Colossus Rush 

Get SALT Encoding   

  8  0:00  Probe (Chrono Boost)  
  9  0:12  Probe (Chrono Boost)  
  10  0:20  Probe (Chrono Boost)  
  11  0:26  Probe  
  12  0:33  Pylon  
  12  0:38  Probe  
  13  0:51  Probe  
  13  0:56  Gateway  
  14  1:03  Probe (Chrono Boost)  
  15  1:08  Assimilator  
  15  1:15  Probe (Chrono Boost)  
  16  1:22  Probe (Chrono Boost)  
  17  1:29  Probe  
  18  1:41  Probe  
  19  1:48  Cybernetics Core  
  19  2:03  Nexus  
  19  2:06  Probe  
  20  2:14  Pylon  
  20  2:18  Probe  
  21  2:30  Assimilator  
  21  2:32  Stalker (Chrono Boost)  
  21  2:33  Probe  
  24  2:37  Warp Gate  
  24  2:46  Probe  
  24  2:58  Probe  
  25  3:01  Sentry  
  25  3:03  Shield Battery  
  27  3:10  Probe  
  28  3:13  Gateway  
  28  3:15  Probe  
  29  3:23  Probe  
  29  3:24  Stalker  
  32  3:27  Probe  
  33  3:35  Probe  
  33  3:40  Probe (Chrono Boost)  
  35  3:42  Robotics Facility  
  36  3:52  Probe (Chrono Boost)  
  36  3:53  Probe (Chrono Boost)  
  37  3:57  Pylon  
  37  3:58  Probe (Chrono Boost)  
  37  4:00  Probe (Chrono Boost)  
  39  4:06  Probe  
  39  4:07  Assimilator  
  42  4:15  Probe  
  41  4:18  Probe  
  41  4:19  Sentry  
  44  4:26  Immortal (Chrono Boost)  
  44  4:27  Probe  
  49  4:31  Gateway  
  49  4:34  Robotics Bay  
  49  4:36  Probe  
  50  4:43  Pylon  
  50  4:47  Pylon  
  50  5:01  Immortal (Chrono Boost), Probe x2  
  56  5:13  Probe x2  
  58  5:16  Gateway, Stalker x2  
  62  5:23  Assimilator  
  62  5:26  Probe  
  63  5:34  Probe  
  64  5:38  Probe  
  64  5:42  Pylon x2  
  65  5:46  Pylon  
  65  5:56  Colossus (Chrono Boost)  
  65  5:57  Shield Battery  
  65  5:58  Pylon  
  65  6:02  Stalker x2  
  65  6:03  Sentry  
  77  6:11  Pylon  
  77  6:16  Sentry  
  77  6:17  Gateway  
  75  6:32  Stalker x3  
  79  6:38  Colossus (Chrono Boost)  
  79  6:43  Zealot  
  87  6:51  Pylon  
  87  6:58  Stalker  
  87  6:59  Stalker, Sentry  
  87  7:00  Gateway  
  93  7:08  Gateway  
  93  7:09  Stalker  
  95  7:15  Warp Prism (Chrono Boost)  
  95  7:19  Sentry  
  95  7:22  Stalker  
  101  7:30  Stalker x2  
  103  7:51  Stalker x3  
  103  7:55  Stalker x2  
  113  8:02  Pylon  
  113  8:05  Observer  
  112  8:14  Zealot  
  112  8:21  Stalker x4  
  113  8:28  Immortal  
  102  8:39  Probe  
  91  8:46  Zealot x3  
  86  8:49  Probe  
  86  8:52  Stalker x2  
  79  9:00  Probe  
  63  9:11  Zealot  
Show
View Real Time Build Order
Export as new Build Order

lorimbo Zerg 

Build Orders: Pool First 

Get SALT Encoding   

  8  0:00  Drone  
  9  0:10  Drone  
  10  0:16  Drone  
  11  0:22  Drone  
  12  0:33  Overlord  
  12  0:41  Extractor  
  12  0:42  Drone  
  13  0:52  Drone x2  
  15  1:01  Drone  
  16  1:09  Spawning Pool  
  15  1:12  Drone  
  15  1:15  Extractor  
  15  1:20  Drone  
  16  1:43  Hatchery  
  16  1:46  Drone  
  16  1:55  Zergling x4  
  18  2:10  Zergling x2  
  19  2:21  Metabolic Boost  
  19  2:24  Drone  
  19  2:25  Overlord  
  20  2:47  Drone x2  
  20  2:49  Queen  
  20  2:50  Drone  
  25  2:54  Queen  
  27  2:59  Drone  
  28  3:08  Drone  
  28  3:09  Overlord  
  29  3:14  Drone  
  30  3:21  Drone x2  
  32  3:28  Drone  
  32  3:30  Drone  
  34  3:37  Drone  
  35  3:42  Hatchery  
  35  3:45  Drone x2  
  36  3:52  Drone  
  37  3:56  Roach Warren  
  37  3:57  Drone  
  37  4:00  Extractor  
  37  4:01  Drone x2  
  37  4:02  Drone  
  39  4:07  Overlord  
  39  4:12  Overlord  
  39  4:14  Drone  
  40  4:27  Queen  
  40  4:28  Queen  
  44  4:32  Drone  
  44  4:33  Drone  
  46  4:38  Overlord  
  46  4:40  Roach  
  46  4:42  Roach  
  50  4:49  Roach x2  
  54  4:54  Overlord  
  54  4:59  Roach x2  
  58  5:10  Overlord  
  58  5:11  Overlord  
  58  5:13  Roach x2  
  62  5:17  Zergling x6  
  65  5:24  Overlord x2  
  65  5:28  Ravager x2  
  67  5:38  Overlord  
  67  5:43  Zergling x14  
  67  5:46  Drone x2  
  67  5:48  Drone  
  77  5:52  Ravager x3  
  77  5:53  Ravager  
  80  6:04  Zergling x2  
  80  6:05  Zergling x12  
  80  6:09  Ravager  
  88  6:14  Zergling x2  
  88  6:15  Zergling x4  
  84  6:26  Zergling x10  
  82  6:34  Lair  
  82  6:36  Drone x3  
  82  6:38  Queen  
  82  6:39  Extractor x2  
  85  6:49  Drone x2  
  85  6:50  Drone  
  88  6:55  Drone x2  
  88  6:56  Drone  
  91  7:07  Drone x3  
  94  7:14  Overlord  
  94  7:17  Drone x2  
  96  7:25  Overlord x2  
  96  7:28  Drone  
  97  7:33  Queen  
  97  7:34  Spire  
  98  7:41  Hatchery  
  94  7:47  Roach x7, Zergling x2  
  98  7:52  Roach  
  97  8:02  Roach x3  
  97  8:05  Roach  
  105  8:07  Ravager  
  105  8:10  Ravager x2  
  108  8:13  Roach x3  
  107  8:21  Roach x2  
  102  8:31  Roach x3  
  89  8:39  Roach x3  
  79  8:44  Roach x4  
  79  8:48  Roach  
  60  8:58  Roach x3  
Tags
 
Add a new tag
Caveats
  • Supply blocks, unpowered buildings, or Contaminate may cause inaccurate times.
  • Supply counts are checked every 10 seconds.